 Dungeon Crawl Stone Soup version 0.26-a0-259-g1effd001a9 (webtiles) character file.

Game seed: 9144448235746432993

1045 drasked the Cleaver (level 8, -4/68 HPs)
             Began as a Hill Orc Monk on July 26, 2020.
             Was a Believer of Beogh.
             Slain by Edmund
             ... wielding a +1 flail of draining
              (6 damage)
             ... on level 5 of the Dungeon.
             The game lasted 00:13:57 (6194 turns).

drasked the Cleaver (Hill Orc Monk)                 Turns: 6194, Time: 00:13:57

Health: -4/68      AC:  3    Str: 21    XL:     8   Next: 25%
Magic:  8/8        EV: 11    Int:  8    God:    Beogh [**....]
Gold:   245        SH:  0    Dex: 13    Spells: 7/7 levels left

rFire    . . .     SeeInvis .   c - +1 war axe (pain)
rCold    . . .     Faith    .   (no shield)
rNeg     . . .     Spirit   .   p - +0 leather armour of the Invisible Moons {rPois MR+ Str+5 Int-2 Stlth+}
rPois    +         Reflect  .   (no helmet)
rElec    .         Harm     .   (no cloak)
rCorr    .                      (no gloves)
MR       +....                  (no boots)
Stlth    ++........             (no amulet)
HPRegen  0.21/turn              (no ring)
MPRegen  0.11/turn              (no ring)

@: heavily drained
A: no striking features
a: Smiting, Renounce Religion


You were on level 5 of the Dungeon.
You worshipped Beogh.
Beogh was pleased with you.
You were not hungry.

You visited 1 branch of the dungeon, and saw 5 of its levels.

You collected 245 gold pieces.

Inventory:

Hand Weapons
 c - a +1 war axe of pain (weapon)
   (You took it off an orc on level 4 of the Dungeon)
Missiles
 a - 4 datura-tipped darts (quivered)
 Q - 239 stones
Armour
 p - the +0 leather armour of the Invisible Moons (worn) {rPois MR+ Str+5 Int-2 Stlth+}
   (You found it on level 4 of the Dungeon)

   It affects your strength (+5).
   It affects your intelligence (-2).
   It protects you from poison.
   It affects your resistance to hostile enchantments.
   It makes you more stealthy.
 u - a +0 scale mail
   (You took it off a kobold on level 2 of the Dungeon)
Wands
 D - a wand of digging (6)
   (You found it on level 3 of the Dungeon)
Scrolls
 g - 2 scrolls of amnesia {unknown}
 i - a scroll of identify
 j - a scroll of teleportation {unknown}
 k - a scroll of enchant weapon {unknown}
 l - a scroll of fear {unknown}
 o - a scroll of magic mapping {unknown}
 s - a scroll of random uselessness {unknown}
 t - 2 scrolls of immolation {unknown}
 v - a scroll of enchant armour {unknown}
 w - a scroll of remove curse
 x - a scroll of blinking {unknown}
Potions
 b - 3 potions of flight
 d - a potion of might
 h - a potion of haste
 m - a potion of magic
 n - a potion of berserk rage {!q!q}
 q - a potion of curing
 r - a potion of lignification {!q!q}
 z - a potion of brilliance {unknown}
Comestibles
 e - 15 rations


   Skills:
 - Level 5.0(2.9) Fighting
 * Level 10.3(7.9) Axes
 + Level 5.4(3.3) Armour
 - Level 2.4(0.5) Dodging
 - Level 1.5(0.0) Stealth


You had 7 spell levels left.
You didn't know any spells.
Your spell library was empty.

Dungeon Overview and Level Annotations

Branches:
Dungeon (5/15)
 Temple: D:4-7

Altars:
Fedhas

Annotations:
D:5 Edmund


Message History

Things that are here:
a +0 great sword; a +0 ring mail
f - a poisoned dart
f - 2 poisoned darts (gained 1)
f - 3 poisoned darts (gained 1)
z - a sapphire potion An ice beast comes into view.
An ice beast is nearby!
You barely miss the ice beast. The ice beast closely misses you.
You slash the ice beast! The ice beast hits you. The ice beast freezes you!
You hit the ice beast. The ice beast hits you. The ice beast freezes you!
You hit the ice beast. The ice beast closely misses you.
You hit the ice beast. The ice beast misses you.
You closely miss the ice beast. The ice beast closely misses you.
You hit the ice beast.
You kill the ice beast!
Your Axes skill increases to level 10!
You start resting.
An orc comes into view. It is wielding a +0 flail.
An orc is nearby!
The orc shouts!
An orc priest comes into view. It is wielding a +0 spear.
The orc closely misses you.
You slice the orc!!
You kill the orc!
The orc priest hits you but does no damage.
Things that are here:
a +0 flail; a cursed +0 scale mail; an orc corpse The orc priest hits you with a +0 spear.
You hit the orc priest.
The orc priest calls down the wrath of Beogh upon you.
Beogh smites you!
* * * LOW HITPOINT WARNING * * *
You hit the orc priest.
The orc priest hits you but does no damage.
You barely miss the orc priest.
The orc priest hits you but does no damage.
You hit the orc priest.
The orc priest hits you with a +0 spear.
* * * LOW HITPOINT WARNING * * *
You hit the orc priest.
The orc priest hits you but does no damage.
You barely miss the orc priest. The orc priest barely misses you.
You slash the orc priest!
You kill the orc priest!
Things that are here:
a +0 spear; a +0 leather armour
Things that are here:
a +0 flail; a cursed +0 scale mail; an orc corpse Search for what [Enter for "axe", or ? for help]? armor You start resting.
Things that are here:
a +0 flail; a cursed +0 scale mail; an orc corpse Edmund is too close now for your liking.
Throwing (i - inventory. (/) - cycle)
f - 3 poisoned darts (quivered)
Aim: Edmund, wielding a +1 flail of draining and wearing a +0 leather armour (wandering, hasn't noticed you)
You throw a poisoned dart. The poisoned dart hits Edmund.
Edmund is poisoned.
Edmund shouts!
Throwing (i - inventory. (/) - cycle)
f - 2 poisoned darts (quivered)
Aim: Edmund, wielding a +1 flail of draining and wearing a +0 leather armour (lightly wounded, poisoned)
You throw a poisoned dart. The poisoned dart hits Edmund.
Edmund looks even sicker.
Throwing (i - inventory. (/) - cycle)
f - a poisoned dart (quivered)
Aim: Edmund, wielding a +1 flail of draining and wearing a +0 leather armour (lightly wounded, very poisoned)
You throw a poisoned dart. The poisoned dart hits Edmund.
Edmund looks even sicker.
Throwing (i - inventory. (/) - cycle)
a - 5 datura-tipped darts (quivered)
Aim: Edmund, wielding a +1 flail of draining and wearing a +0 leather armour (lightly wounded, very poisoned, chance to frenzy on hit: 51%)
You throw a datura-tipped dart. The datura-tipped dart hits Edmund.
Edmund flies into a frenzy!
Edmund shouts!
Edmund shouts!
You hear a bark!
Edmund hits you with a +1 flail of draining!
You feel drained.
Edmund hits you with a +1 flail of draining!
You feel drained.
* * * LOW HITPOINT WARNING * * *
Things that are here:
a +0 flail; a cursed +0 scale mail; an orc corpse Edmund is nearby!
Edmund is nearby!
Edmund is nearby!
You slash Edmund!
Edmund hits you with a +1 flail of draining!
* * * LOW HITPOINT WARNING * * *
You feel drained.
* * * LOW HITPOINT WARNING * * *
Edmund hits you but does no damage.
You feel drained.
You slash Edmund! Edmund closely misses you.
You closely miss Edmund.
Edmund hits you with a +1 flail of draining!
* * * LOW HITPOINT WARNING * * *
You feel drained.
* * * LOW HITPOINT WARNING * * *
You closely miss Edmund. Edmund closely misses you.
Edmund hits you with a +1 flail of draining!
* * * LOW HITPOINT WARNING * * *
You feel drained.
You die...

....... ##........#### .......
##...........## .......
#.......).....##
.......###..........##..#
........##..........###.#
)...................# #.##
.........#..........# #..####
..........#........#####....###
.............@@......#####....#
..........#.)#######.[......#..
...............### #######.....
.........##.)....# ##.#..
........#####...# #..## ###.##
##..### ##..# #. #....## ##.#
#.##..# #.# #.###.# ######..


You could see the neutral Edmund (fast, strong, insane, poisoned).

Levels and vault maps discovered:
D:1:      ncdulo_halloftheorcs, layout_loops_corners, minmay_pentomino_p4
D:2:      layout_loops_corners, fedhas_altar_1
D:3:      layout_basic
D:4:      layout_basic, first_ration
D:5:      layout_rooms, uniq_menkaure, uniq_edmund, uniq_pikel

Notes
Turn   | Place    | Note
-------+----------+-------------------------------------------
     0 | D:1      | drasked the Hill Orc Monk began the quest for the Orb.
     0 | D:1      | Reached XP level 1. HP: 19/19 MP: 1/1
    55 | D:1      | Identified a +0 club
    56 | D:1      | Identified a +0 club
   209 | D:1      | Identified a +0 dagger
   285 | D:1      | Reached XP level 2. HP: 27/27 MP: 2/2
   308 | D:1      | Identified a +0 club
   429 | D:1      | Identified a +0 club
   515 | D:1      | Identified a +0 club
   523 | D:1      | Reached skill level 1 in Armour
   599 | D:1      | Identified a +0 club
   792 | D:1      | Identified a +0 dagger
   810 | D:1      | Reached skill level 4 in Fighting
   898 | D:1      | Reached XP level 3. HP: 33/33 MP: 3/3
  1172 | D:2      | Reached skill level 5 in Axes
  1173 | D:2      | Identified a potion of might
  1174 | D:2      | Identified a potion of curing
  1362 | D:2      | Identified a +0 club
  1471 | D:1      | Identified a +0 ring mail (You found it on level 1 of the
                  | Dungeon)
  1546 | D:2      | Identified a +0 club
  1546 | D:2      | Identified a +1 hunting sling of freezing
  1546 | D:2      | Identified a +0 ring mail
  1676 | D:2      | Reached XP level 4. HP: 23/40 MP: 4/4
  1687 | D:2      | Identified a +0 short sword
  1875 | D:2      | Identified a +4 short sword
  1875 | D:2      | Identified a +0 scale mail
  1976 | D:2      | Found a blossoming altar of Fedhas.
  2840 | D:3      | Identified a +0 whip
  2889 | D:3      | Identified a +0 war axe
  2889 | D:3      | Identified a +0 dagger
  2889 | D:3      | Identified a +0 robe
  2898 | D:3      | Identified a +0 hand axe
  2898 | D:3      | Identified a +0 ring mail
  2899 | D:3      | Identified a +3 short sword
  2899 | D:3      | Identified a +0 leather armour
  2900 | D:3      | Reached skill level 2 in Armour
  2903 | D:3      | Identified a +0 dagger
  2903 | D:3      | Identified a +0 chain mail
  2905 | D:3      | Became a worshipper of Beogh the Brigand
  2905 | D:3      | Reached * piety under Beogh
  2905 | D:3      | Reached ** piety under Beogh
  3084 | D:3      | Reached XP level 5. HP: 47/47 MP: 5/5
  3166 | D:3      | Identified a +0 dagger
  3166 | D:3      | Identified a +0 hunting sling
  3259 | D:3      | Reached skill level 6 in Axes
  3457 | D:3      | Identified a +0 club
  3827 | D:4      | Identified a +0 giant spiked club
  3827 | D:4      | Noticed an ogre
  4031 | D:4      | Killed an ogre
  4031 | D:4      | Reached skill level 5 in Fighting
  4293 | D:4      | Reached XP level 6. HP: 49/56 MP: 6/6
  4305 | D:4      | Reached skill level 7 in Axes
  4305 | D:4      | Reached skill level 3 in Armour
  4654 | D:4      | Identified a +0 giant club
  4966 | D:4      | Reached XP level 7. HP: 61/61 MP: 7/7
  4975 | D:4      | Got a polished leather armour
  5106 | D:4      | Identified the cursed +0 leather armour of the Invisible
                  | Moons {rPois MR+ Str+5 Int-2 Stlth+} (You found it on level
                  | 4 of the Dungeon)
  5106 | D:4      | Identified 6 scrolls of identify
  5106 | D:4      | Identified 3 potions of flight
  5107 | D:4      | Identified a potion of magic
  5108 | D:4      | Identified a potion of berserk rage
  5109 | D:4      | Identified a potion of lignification
  5110 | D:4      | Identified a potion of haste
  5111 | D:4      | Identified 2 scrolls of remove curse
  5138 | D:5      | Entered Level 5 of the Dungeon
  5138 | D:5      | Identified a +1 flail of draining
  5138 | D:5      | Identified a +0 leather armour
  5138 | D:5      | Noticed Edmund
  5188 | D:5      | Identified a +0 whip
  5188 | D:5      | Identified a +0 whip
  5188 | D:5      | Identified a +0 leather armour
  5189 | D:5      | Identified a +1 war axe of pain
  5190 | D:5      | Identified a cursed -2 trident
  5190 | D:5      | Identified a +0 ring mail
  5192 | D:5      | Identified a +0 dagger
  5194 | D:5      | Reached skill level 8 in Axes
  5564 | D:5      | Identified a +2 whip of freezing
  5564 | D:5      | Identified a +0 robe
  5564 | D:5      | Noticed Pikel
  5588 | D:5      | Reached skill level 4 in Armour
  5732 | D:5      | Killed Pikel
  5732 | D:5      | Reached skill level 9 in Axes
  5732 | D:5      | Reached skill level 5 in Armour
  5732 | D:5      | Reached XP level 8. HP: 38/68 MP: 8/8
  5939 | D:5      | Identified a +0 great sword
  5939 | D:5      | Identified a +0 ring mail
  5986 | D:5      | Reached skill level 10 in Axes
  5993 | D:5      | Identified a +0 flail
  5993 | D:5      | Identified a cursed +0 scale mail
  5995 | D:5      | Identified a +0 spear
  5995 | D:5      | Identified a +0 leather armour
  6193 | D:5      | HP: 16/68 [Edmund/+1 flail of draining (3)]
  6194 | D:5      | HP: 2/68 [Edmund/+1 flail of draining (14)]
  6194 | D:5      | Slain by Edmund

Table legend:
 A = Turns spent in this place as a percentage of turns spent in the entire game.
 B = Non-inter-level travel turns spent in this place as a percentage of non-inter-level travel turns spent in the entire game.
 C = Inter-level travel turns spent in this place as a percentage of turns spent in this place.
 D = Turns resting spent in this place as a percentage of non-inter-level travel turns spent in this place.
 E = Turns spent auto-exploring this place as a percentage of non-inter-level travel turns spent in this place.
 F = Non-inter-level travel turns spent in this place divided by the number of levels of this place that you've seen.
                   A       B       C       D       E      F
               +-------+-------+-------+-------+-------+----------------------
         Total | 100.0 | 100.0 |   8.5 |  32.2 |  48.5 | 1133.8
       Dungeon | 100.0 | 100.0 |   8.5 |  32.2 |  48.5 | 1133.8
               +-------+-------+-------+-------+-------+----------------------

Table legend:
 A = Kills in this place as a percentage of kills in entire the game.
 B = Kills by you in this place as a percentage of kills by you in the entire game.
 C = Kills by friends in this place as a percentage of kills by friends in the entire game.
 D = Other kills in this place as a percentage of other kills in the entire game.
 E = Experience gained in this place as a percentage of experience gained in the entire game.
 F = Experience gained in this place divided by the number of levels of this place that you have seen.
                   A       B       C       D       E      F
               +-------+-------+-------+-------+-------+----------------------
         Total | 100.0 | 100.0 |   N/A |   N/A | 100.0 | 298.6
       Dungeon | 100.0 | 100.0 |   N/A |   N/A | 100.0 | 298.6
               +-------+-------+-------+-------+-------+----------------------

Skill      XL: |  1  2  3  4  5  6  7  8 |
---------------+-------------------------+-----
Armour         | 1 2 3 5 |  5.4
Fighting       | 4 5 |  5.0
Axes           | 5 6 7 9 10 | 10.3
Dodging        | |  2.4
Stealth        | |  1.5

Action                   |  1- 3 |  4- 6 |  7- 9 || total
-------------------------+-------+-------+-------++-------
Melee: Hand axe          |   105 |    57 |       ||   162
       War axe           |       |    56 |    37 ||    93
Throw: Stone             |    81 |    43 |       ||   124
       Dart              |       |    77 |    31 ||   108
Invok: Convert to Beogh  |       |     1 |       ||     1
  Use: Potion            |     2 |       |       ||     2
       Scroll            |       |       |     6 ||     6
 Stab: Sleeping          |       |     1 |       ||     1
  Eat: Ration            |     1 |     3 |     1 ||     5
Armor: Robe              |    12 |       |       ||    12
       Ring mail         |     9 |    17 |       ||    26
       Scale mail        |       |    16 |       ||    16
       Leather armour    |       |       |     3 ||     3
Dodge: Dodged            |    63 |    62 |    32 ||   157

Vanquished Creatures
  Pikel (D:5)
  An ice beast (D:5)
  2 ogres (D:4)
  A howler monkey (D:4)
  2 orc priests (D:5)
  A hound (D:4)
  A bullfrog zombie (D:5)
  An orc wizard (D:3)
  An iguana (D:5)
  A worker ant (D:4)
  A hound skeleton (D:4)
  5 adders
  An adder skeleton (D:4)
  3 worms
  4 dart slugs
  A leopard gecko (D:4)
  6 orcs
  3 giant cockroaches
  7 goblins
  7 hobgoblins
  4 jackals
  2 quokkas
  7 bats
  4 frilled lizards
  7 kobolds
  8 rats
82 creatures vanquished.

Vanquished Creatures (others)
  2 orcs (D:5)
2 creatures vanquished.

Grand Total: 84 creatures vanquished
